 Dungeon Crawl Stone Soup version 0.31-a0-1104-g3bd3108e02 (webtiles) character file.

Game seed: 14706780513064806703

20899 Crownlay the Impaler (level 12, -16/112 HPs)
             Began as a Minotaur Fighter on Dec 2, 2023.
             Was a High Priest of Lugonu.
             Demolished by Kirke (18 damage)
             ... on level 13 of the Dungeon.
             The game lasted 00:24:09 (12414 turns).

Crownlay the Impaler (Minotaur Fighter)            Turns: 12414, Time: 00:24:09

Health: -16/112    AC:  0    Str: 25    XL:     12   Next: 49%
Magic:  16/16      EV: 17    Int:  5    God:    Lugonu [*****.]
Gold:   465        SH:  0    Dex: 11    Spells: 11/11 levels left

rFire   . . .        j - melded +6 trident "Popsenw Ysej" {heavy, rPois rF++ rC- Stlth+}
rCold   . . .        m - melded +1 buckler {AC+3}
rNeg    . . .        i - melded +7 toga "Victory" {*Victory Int+7 Slay+7 Clar}
rPois   .            (helmet currently unavailable)
rElec   .            r - melded +0 cloak
rCorr   .            a - melded +2 pair of gloves {infuse}
SInv    .            F - melded +0 pair of boots
Will    .....        (no amulet)
Stlth   +            f - melded +5 ring of evasion
HPRegen 0.38/turn    s - melded +4 ring of protection
MPRegen 0.15/turn

%: no passive effects
@: confused, pig-form, slowed
A: fast, no casting, small, (horns 2), (retaliatory headbutt)
a: Renounce Religion, Depart the Abyss, Banish, Corrupt, Enter the Abyss


You were on level 13 of the Dungeon.
You worshipped Lugonu.
Lugonu was extremely pleased with you.
You were a filthy swine.
You visited 1 branch of the dungeon, and saw 13 of its levels.
You also visited: Bailey.

You collected 547 gold pieces.
You spent 82 gold pieces at shops.

Inventory:

Hand Weapons
 j - the +6 trident "Popsenw Ysej" (melded) {heavy, rPois rF++ rC- Stlth+}
   (You found it on level 8 of the Dungeon)

   rF++:      It greatly protects you from fire.
   rC-:       It makes you vulnerable to cold.
   rPois:     It protects you from poison Stlth+: It makes you more stealthy.
Missiles
 e - 22 poisoned darts (quivered)
 x - 3 javelins
 I - 8 boomerangs
Armour
 a - a +2 pair of gloves of infusion (melded)
 i - the +7 toga "Victory" (melded) {*Victory Int+7 Slay+7 Clar}
   (You found it on level 8 of the Dungeon)

   *Victory:  When the wearer kills a threatening monster, it has a chance to
   gain +1 AC, +1 Slay, and +1 Int, capping at +7.
   When the wearer uses a scroll or a potion with a hostile monster in sight,
   its bonuses reset to +0.
   Unequipping it also resets its bonuses to +0.
   Int+7:     It affects your intelligence (+7).
   Slay+7:    It affects your accuracy & damage with ranged weapons and melee
   (+7).
   Clar:      It protects you from confusion, rage, mesmerisation and fear.
 m - a +1 buckler of protection (melded)
 r - a +0 cloak (melded)
 F - a +0 pair of boots (melded)
Jewellery
 f - a +5 ring of evasion (melded)
 g - a ring of resist corrosion
 s - a +4 ring of protection (melded)
 G - a ring of willpower
Wands
 c - a wand of flame (6)
 D - a wand of paralysis (7)
 H - a wand of polymorph (4)
Scrolls
 h - 4 scrolls of noise
 k - 3 scrolls of enchant armour
 n - 2 scrolls of blinking
 o - a scroll of fog
 p - a scroll of butterflies
 t - a scroll of teleportation
 u - 3 scrolls of enchant weapon
 w - a scroll of fear
 B - a scroll of poison
Potions
 b - 2 potions of haste {unknown}
 d - 2 potions of might
 l - 3 potions of curing {unknown}
 q - 5 potions of enlightenment
 v - 5 potions of heal wounds
 z - 4 potions of attraction
 E - 2 potions of magic


   Skills:
 * Level 11.9 Fighting
 - Level 15.0 Polearms
 + Level 2.0 Throwing
 - Level 3.6 Armour
 + Level 7.3 Dodging
 + Level 11.6 Shields
 + Level 7.9 Invocations


You had 11 spell levels left.
You didn't know any spells.
Your spell library contained the following spells:

 Spells                   Type           Power      Damage    Failure   Level
 Sting                    Tmut/Pois      0%         1d3       47%         1
 Cigotuvi's Dreadful Rot  Necr/Pois/Air  0%         N/A       63%         2
 Poisonous Vapours        Pois/Air       0%         N/A       63%         2
 Sublimation of Blood     Necr           0%         N/A       63%         2
 Wereblood                Tmut           0%         N/A       63%         2
 Dazzling Flash           Conj/Hex       0%         N/A       85%         3
 Ignite Poison            Fire/Tmut/Pois 0%         N/A       85%         3
 Inner Flame              Hex/Fire       0%         N/A       85%         3
 Summon Guardian Golem    Hex/Summ       0%         N/A       85%         3
 Animate Dead             Necr           0%         N/A       99%         4
 Olgreb's Toxic Radiance  Pois           0%         N/A       99%         4
 Agony                    Necr           0%         N/A       100%        5
 Borgnjor's Vile Clutch   Necr/Erth      0%         N/A       100%        5
 Freezing Cloud           Conj/Ice/Air   0%         6-21      100%        5
 Silence                  Hex/Air        0%         N/A       100%        5
 Yara's Violent Unravell  Hex/Tmut       0%         3d3       100%        5
 Death Channel            Necr           0%         N/A       100%        6
 Enfeeble                 Hex            0%         N/A       100%        7
 Orb of Destruction       Conj           0%         9d5       100%        7
 Spellforged Servitor     Conj/Summ      0%         N/A       100%        7
 Summon Hydra             Summ           0%         N/A       100%        7
 Discord                  Hex            0%         N/A       100%        8
 Ignition                 Fire           0%         3d3       100%        8


Dungeon Overview and Level Annotations

Branches:
Dungeon (13/15)            Temple (0/1) D:7            Lair (0/5) D:10
    Orc (0/2) D:10         Bailey (visited)
 Vaults: D:13-14

Altars:
Cheibriados
Elyvilon
Nemelex Xobeh
Qazlal
Ru
Wu Jian
Xom
Yredelemnul
Zin
The Shining One
Lugonu

Shops:
D:9 *   D:12 =

Annotations:
D:13 Kirke


Innate Abilities, Weirdness & Mutations

You are a filthy swine.
You move quickly.
Your equipment is almost entirely melded.
You are incapable of wielding weapons or throwing items.
You cannot cast spells.
((You have a pair of horns on your head.))
((You reflexively headbutt those who attack you in melee.))


Message History

You hit something. Something hits you.
Okay, then.
You feel yourself slow down.
Kirke appears from thin air!
Reactivating autopickup.
Kirke says, "Odis was a nice man, you're awful."
The sphinx casts a spell.
Something smites you!
Kirke mumbles some strange words.
Kirke flickers and vanishes!
Deactivating autopickup; reactivate with Ctrl-A.
The sphinx mumbles some strange words.
You suddenly lose the ability to move!
The sphinx mumbles some strange words.
You feel as though you will be slow longer.
You can move again.
You hear some strange, mumbled words.
You feel a momentary urge to oink. The sphinx attacks as it pursues you!
The sphinx misses you. The sphinx hits you. The sphinx hits you!
There is a stone staircase leading up here.
The sphinx hits you!!
* * * LOW HITPOINT WARNING * * *
The sphinx misses you. The sphinx barely misses you.
The sphinx casts a spell.
You are confused.
In your confused state, you trip and fall back down the stairs.
* * * LOW HITPOINT WARNING * * *
The sphinx misses you. The sphinx closely misses you. The sphinx hits you!
* * * LOW HITPOINT WARNING * * *
Something hits you.
* * * LOW HITPOINT WARNING * * *
The sphinx misses you. The sphinx hits you!
* * * LOW HITPOINT WARNING * * *
The sphinx misses you.
You hear some strange, mumbled words.
Something tries to affect you, but you resist.
The sphinx completely misses you. The sphinx closely misses you.
The sphinx misses you. Something hits you!!
You die...

######### #.......# ..
#.#####.#########.#
.....##.##........#
#.#...#.##.#####... #
#.......##.#####.# ###
#.............##.# #.# ##.#
##....<##...#.##.# ##.## ##.#.
##...##.......#h# #...# #.#..
########.......{H# #...# #...
....)..#..#......# #...# ##H#
.......#..#....#.#####...######.#
.......#.........#...........##.#
................................#
.......#.......#.#...........####
.......###.....#.#####...#####
.......# #.......# #.).#


You could see a sphinx (summoned).

Vanquished Creatures
  Erolcha (D:10)
  2 centaur warriors (D:13)
  3 two-headed ogres
  2 boulder beetles
  3 skeletal warriors (D:12)
  Sonja (D:10)
  A deep elf pyromancer (D:12)
  A cyclops (D:11)
  An ugly thing (D:12)
  A gargoyle (Bailey)
  An unseen horror (D:12)
  Psyche (D:11)
  A komodo dragon (D:10)
  2 trolls
  11 slime creatures (D:12)
  A vampire (Bailey)
  2 wraiths
  A shadow (D:13)
  3 hogs (D:13)
  A wyvern (D:8)
  19 yaks
  2 steam dragons
  5 vampire mosquitoes
  2 acid dragons
  3 orc warriors
  2 water moccasins (D:6)
  An ice beast (D:7)
  A sky beast (D:7)
  2 black bears
  An ogre (D:5)
  5 centaurs
  A phantom (D:3)
  5 kobold brigands
  4 bullfrogs
  3 scorpions
  5 wights (D:9)
  4 killer bees (D:9)
  6 howler monkeys
  8 vampire bats (Bailey)
  6 wolf zombies (Bailey)
  A jelly (D:7)
  4 hounds
  5 orc priests
  Crazy Yiuf (D:2)
  3 sleepcaps
  Terence (D:2)
  3 iguanas
  12 orc wizards
  4 gnolls (D:3)
  12 adders
  2 shadow imps (D:6)
  A white imp (D:6)
  2 worms
  A dart slug (D:4)
  53 orcs
  6 bats
  15 endoplasms
  4 giant cockroaches
  13 goblins
  3 hobgoblins
  33 kobolds
  8 quokkas
  3 ball pythons
  6 frilled lizards
  19 orc zombies (Bailey)
  3 rats
343 creatures vanquished.

Notes
Turn   | Place    | Note
-------+----------+-------------------------------------------
     0 | D:1      | Crownlay the Minotaur Fighter began the quest for the Orb.
     0 | D:1      | Reached XP level 1. HP: 19/19 MP: 0/0
   127 | D:1      | Reached skill level 3 in Polearms
   127 | D:1      | Reached XP level 2. HP: 27/27 MP: 1/1
   294 | D:1      | Reached XP level 3. HP: 33/33 MP: 2/2
   527 | D:2      | Found a runed translucent door.
   528 | D:2      | Noticed Crazy Yiuf
   679 | D:2      | Found a faded altar of an unknown god.
   691 | D:2      | Prayed at the altar of an unknown god.
   691 | D:2      | Became a worshipper of Lugonu the Unformed
   691 | D:2      | Reached * piety under Lugonu
   823 | D:2      | Reached skill level 4 in Polearms
  1038 | D:2      | Reached XP level 4. HP: 40/40 MP: 3/3
  1132 | D:2      | Found a stormy altar of Qazlal.
  1199 | D:2      | Noticed Terence
  1206 | D:2      | Killed Terence
  1473 | D:2      | Killed Crazy Yiuf
  1474 | D:2      | Reached XP level 5. HP: 28/47 MP: 4/4
  1824 | D:3      | Reached ** piety under Lugonu
  1834 | D:3      | Reached skill level 5 in Polearms
  1933 | D:3      | Found a glowing golden altar of the Shining One.
  1936 | D:3      | Found a snail-covered altar of Cheibriados.
  1947 | D:3      | Noticed a phantom
  1959 | D:3      | Killed a phantom
  1960 | D:3      | Reached skill level 5 in Fighting
  1960 | D:3      | Reached skill level 5 in Shields
  2004 | D:3      | Reached XP level 6. HP: 44/56 MP: 5/5
  2212 | D:3      | Found a sacrificial altar of Ru.
  2655 | D:4      | Reached skill level 6 in Polearms
  2959 | D:4      | Found an ornate altar of the Wu Jian Council.
  3081 | D:5      | Entered Level 5 of the Dungeon
  3096 | D:5      | Reached skill level 1 in Invocations
  3135 | D:5      | Reached XP level 7. HP: 60/62 MP: 5/7
  3186 | D:5      | Found a sparkling altar of Nemelex Xobeh.
  3196 | D:5      | Found a white marble altar of Elyvilon.
  3231 | D:5      | Reached skill level 7 in Polearms
  3676 | D:6      | Reached *** piety under Lugonu
  3694 | D:6      | Reached skill level 8 in Polearms
  3694 | D:6      | Reached XP level 8. HP: 65/70 MP: 7/9
  4238 | D:6      | Reached skill level 9 in Polearms
  5016 | D:7      | Reached skill level 10 in Polearms
  5077 | D:7      | Found a staircase to the Ecumenical Temple.
  5142 | D:7      | Reached XP level 9. HP: 67/75 MP: 11/11
  5177 | D:7      | Identified the +6 falchion of Prescription {drain, *Slow
                  | rElec Will++ MP+9}
  6011 | D:8      | Reached skill level 11 in Polearms
  6022 | D:8      | Reached **** piety under Lugonu
  6172 | D:8      | Found the +0 toga "Victory" {*Victory Clar}
  6298 | D:8      | Identified the +6 trident "Popsenw Ysej" {heavy, rPois rF++
                  | rC- Stlth+}
  6319 | D:8      | Found a glowing silver altar of Zin.
  6452 | D:8      | Found a flagged portal.
  6461 | Bailey   | Entered a bailey
  6520 | Bailey   | Reached skill level 12 in Polearms
  6696 | Bailey   | Noticed a gargoyle
  6700 | Bailey   | Killed a gargoyle
  7001 | D:8      | Reached XP level 10. HP: 83/83 MP: 9/12
  7094 | D:8      | Reached skill level 13 in Polearms
  7640 | D:9      | Found a basalt altar of Yredelemnul.
  7651 | D:9      | Reached ***** piety under Lugonu
  7652 | D:9      | Reached skill level 10 in Shields
  7658 | D:9      | Reached skill level 1 in Dodging
  8270 | D:9      | Found Peeweblu's General Store.
  8276 | D:9      | Bought a scroll of enchant weapon for 82 gold pieces
  8520 | D:9      | Reached skill level 5 in Invocations
  8521 | D:9      | Reached skill level 14 in Polearms
  8883 | D:10     | Entered Level 10 of the Dungeon
  9065 | D:10     | Reached XP level 11. HP: 93/93 MP: 10/14
  9140 | D:10     | Noticed a two-headed ogre
  9146 | D:10     | Killed a two-headed ogre
  9186 | D:10     | Noticed Erolcha
  9205 | D:10     | Killed Erolcha
  9377 | D:10     | Found a shimmering altar of Xom.
  9420 | D:10     | Noticed Sonja
  9427 | D:10     | Killed Sonja
  9437 | D:10     | Found a staircase to the Lair.
  9520 | D:10     | Found a staircase to the Orcish Mines.
  9603 | D:10     | Noticed a two-headed ogre
  9611 | D:10     | Killed a two-headed ogre
  9612 | D:10     | Reached skill level 15 in Polearms
 10181 | D:11     | Reached skill level 5 in Dodging
 10354 | D:11     | Noticed Psyche
 10368 | D:11     | Killed Psyche
 10734 | D:12     | Noticed a skeletal warrior
 10751 | D:12     | Killed a skeletal warrior
 10762 | D:12     | Noticed a skeletal warrior
 10780 | D:12     | Killed a skeletal warrior
 10891 | D:12     | Noticed a skeletal warrior
 10909 | D:12     | Killed a skeletal warrior
 10910 | D:12     | Reached skill level 10 in Fighting
 10985 | D:12     | Noticed a green ugly thing
 10996 | D:12     | Killed a green ugly thing
 11113 | D:12     | Reached XP level 12. HP: 88/108 MP: 4/16
 11122 | D:12     | Noticed a boulder beetle
 11152 | D:12     | Killed a boulder beetle
 11699 | D:12     | Found Ikelilany's Jewellery Shoppe.
 12037 | D:13     | Noticed a boulder beetle
 12038 | D:13     | Noticed a two-headed ogre
 12049 | D:13     | Killed a two-headed ogre
 12059 | D:13     | Killed a boulder beetle
 12060 | D:13     | Reached skill level 1 in Throwing
 12138 | D:13     | Noticed a centaur warrior
 12144 | D:13     | Killed a centaur warrior
 12193 | D:13     | Noticed a centaur warrior
 12200 | D:13     | Killed a centaur warrior
 12358 | D:13     | Noticed Kirke
 12385 | D:13     | Noticed a sphinx
 12403 | D:13     | Paralysed by a sphinx for 4 turns
 12413 | D:13     | HP: 2/112 [sphinx[Kirke] (9)]
 12414 | D:13     | Demolished by Kirke

Illustrated notes

Levels and vault maps discovered:
D:1:      wander_arrival_fairy_ring, layout_basic, minmay_misc_feat_enclosed
D:2:      layout_loops_corners, ebering_ecumenical_altar_abandoned, basic_altar,
          grunt_decor_arrowhead, uniq_crazy_yiuf_cottage, uniq_terence
D:3:      layout_loops_ring, grunt_temple_overflow_open, general_overflow_altar
D:4:      layout_loops_ring, mainiacjoe_overflow_alcove_4
D:5:      layout_rooms, mainiacjoe_overflow_brackets, kennysheep_mini_moat,
          reono_crystal_passage, minmay_misc_feat_more_columns,
          kennysheep_generic_room_15
D:6:      minmay_flawed_box, layout_loops_corners, kennysheep_generic_room_6
D:7:      layout_gridville, minmay_temple_entry_junction_2
D:8:      layout_layer_cave, marbit_many_paths, enter_bailey_2
D:9:      layout_loops_ring, yredelemnul_altar_generic, special_room
          [special_room_orc], serial_aquarium, aquarium_bridge_island_small
          [aquarium_subvault_small_open, aquarium_subvault_bridge,
          aquarium_subvault_window, aquarium_subvault_wall,
          aquarium_subvault_wall], aquarium_window_1, aquarium_window_1,
          aquarium_view_2c, aquarium_pool_S, serial_shops, shop
D:10:     layout_basic, nicolae_overflow_hidden_temple, lair_entry_dummy,
          orc_0_dummy, dreamdust_mushroom_princess, uniq_erolcha, uniq_sonja
D:11:     layout_roguey, uniq_psyche
D:12:     layout_long_grid, serial_shops, shop
D:13:     layout_loops_cross, uniq_kirke

Skill      XL: |  1  2  3  4  5  6  7  8  9 10 11 12 |
---------------+-------------------------------------+-----
Polearms       | 3 4 5 6 8 10 12 14 15 | 15.0
Fighting       | 4 5 6 7 10 11 | 11.9
Shields        | 4 5 6 7 9 10 11 | 11.6
Invocations    | 1 2 4 5 7 |  7.9
Dodging        | 4 6 7 |  7.3
Throwing       | 2 |  2.0
Armour         | |  3.6

Action                     |  1- 3 |  4- 6 |  7- 9 | 10-12 || total
---------------------------+-------+-------+-------+-------++-------
  Melee: Trident           |   100 |   175 |   367 |   298 ||   940
         Headbutt          |     5 |    25 |    53 |    45 ||   128
         Unarmed           |       |       |       |     8 ||     8
  Throw: Dart              |       |       |     6 |    14 ||    20
         Javelin           |       |       |       |    11 ||    11
  Evoke: Wand              |       |       |       |     3 ||     3
    Use: Scroll            |       |     3 |    12 |     4 ||    19
         Potion            |       |       |       |     1 ||     1
   Stab: Sleeping          |       |       |     2 |     8 ||    10
         Paralysed         |       |       |       |     3 ||     3
 Armour: Scale mail        |    24 |    77 |   135 |       ||   236
         Robe              |       |       |    36 |   101 ||   137
         Skin              |       |       |       |    14 ||    14
  Dodge: Dodged            |    51 |    63 |   158 |   128 ||   400
  Block: Buckler           |    17 |    32 |    76 |    63 ||   188

Table legend: (Time is in decaauts)
 A = Elapsed time spent in this place.
 B = Non-inter-level travel time spent in this place.
 C = Inter-level travel time spent in this place.
 D = Time resting spent in this place.
 E = Time spent auto-exploring this place.
 F = Levels seen in this place.
 G = Mean time per level.
                   A        B        C        D        E       F      G
               +--------+--------+--------+--------+--------+-----+--------+
         Total |  12382 |  11809 |    573 |    354 |   9266 |  14 |  884.4 |
       Dungeon |  11909 |  11336 |    573 |    354 |   8956 |  13 |  916.1 |
        Bailey |    473 |    473 |      0 |      0 |    310 |   1 |  473.0 |
               +--------+--------+--------+--------+--------+-----+--------+

Top non-repeatable levels by time:
     D:9: 1258 daAuts
     D:6: 1239 daAuts
    D:10: 1236 daAuts
     D:8: 1225 daAuts
     D:2: 1205 daAuts
    D:12: 1045 daAuts
     D:7: 1000 daAuts
    D:11: 813 daAuts
     D:4: 787 daAuts
     D:3: 665 daAuts
     D:5: 569 daAuts
  Bailey: 473 daAuts
     D:1: 444 daAuts
    D:13: 419 daAuts
